[Event "1st Henriquez Urena Memorial 2022"]
[Site "Santo Domingo"]
[Date "2022.09.21"]
[Round "7.3"]
[White "Ramirez, Alejandro"]
[Black "Leon Hoyos, Manuel"]
[Result "1-0"]
[ECO "A41"]
[WhiteElo "2561"]
[BlackElo "2491"]
[Annotator "TA"]
[PlyCount "75"]
[EventDate "2022.09.16"]
[EventType "swiss"]
[EventCountry "DOM"]
[SourceTitle "playchess.com"]
[Source "ChessBase"]
[SourceQuality "1"]
[TimeControl "5400+30"]

1. d4 d6 2. Nf3 Bg4 3. e4 Nf6 4. Nc3 e6 5. h3 Bh5 6. Bd3 Be7 {[%emt 0:06:06] A41: 1 d4 d6: Tartakower System and Modern Defence.} 7. g4 Bg6 {[%emt 0:00:05] [#]} 8. g5 $146 ({Predecessor:} 8. h4 d5 9. exd5 Nxd5 10. Bxg6 hxg6 11. Ne4 Nf6 12. Nxf6+ gxf6 13. Qd3 c5 14. Qb3 {½-½ (39) Ghaem Maghami,E (2591)-Mas,H (2372) Macau 2007}) 8... Nfd7 {[%emt 0:12:07] White is slightly better.} 9. h4 Bh5 10. Be2 c6 11. d5 $36 {[%emt 0:03:52][%mdl 2048] White is in control.} cxd5 12. exd5 e5 {[%emt 0:00:07] Prevents Nd4.} 13. Be3 Bxf3 14. Bxf3 Na6 15. Qd2 Rc8 16. Nb5 (16. Bxa7 $6 Nac5 $16) (16. Bg4 $18) 16... Nc7 17. Nxa7 {[%emt 0:04:30] White has more active pieces. The black rooks are badly placed.} Ra8 18. Qb4 f5 (18... O-O $16) 19. gxf6 Bxf6 20. Qxb7 ({Weaker is} 20. Qxd6 Be7 21. Nc6 (21. Bh5+ Kf8 $17) 21... Bxd6 $17) 20... Rb8 21. Qc6 Rxb2 22. Bg4 e4 23. Kf1 Ke7 24. Qa4 {[%emt 0:02:37] [#] Strongly threatening Nc6+.} Ne5 25. Bd4 {[%emt 0:00:55] Dancing on a razor blade. A strong pair of Bishops.} ({Don't play} 25. Qxe4 $6 Kf8 26. Nc6 Nxc6 $18) 25... Kf8 (25... Qe8 $142 26. Nc8+ Kd8 27. Qxe8+ Rxe8) 26. Bxb2 $18 Nxg4 27. Nc6 Qd7 {[%emt 0:01:46] White must now prevent ...Qf5.} 28. Bxf6 Nxf6 29. Rb1 Ncxd5 (29... Kf7 {might work better.} 30. Rb7 Ra8 31. Qxa8 Nxa8) 30. Rb8+ Ne8 {[%emt 0:00:02] [#]} 31. Qxe4 Qxc6 (31... Ndf6 32. Qf3) 32. Rh3 {[%emt 0:00:35] Against Ne3+. Threatening mate with Rf3+.} Qd7 33. Rxe8+ Qxe8 34. Qxd5 g6 35. Ra3 (35. Rb3 $142 Qd7 36. Qd4 Kg8 37. Rb8+ Kf7 38. Rxh8 Qc6 39. Rxh7+ Ke6 40. Qg4+ Kd5 41. h5) 35... Kg7 36. Ra7+ {[%emt 0:00:07] White mates.} Kf6 37. Qxd6+ Qe6 38. Qd4+ {[%emt 0:00:02] Weighted Error Value: White=0.14 (very precise) /Black=0.73} 1-0

[Event "1st Henriquez Urena Memorial 2022"]
[Site "Santo Domingo"]
[Date "2022.09.21"]
[Round "7.4"]
[White "Cuenca Jimenez, Jose Fernando"]
[Black "Mendez Ramirez, Victor"]
[Result "1/2-1/2"]
[ECO "D11"]
[WhiteElo "2553"]
[BlackElo "2153"]
[Annotator "TA"]
[PlyCount "243"]
[EventDate "2022.09.16"]
[EventType "swiss"]
[EventCountry "DOM"]
[SourceTitle "playchess.com"]
[Source "ChessBase"]
[SourceQuality "1"]
[TimeControl "5400+30"]

1. d4 d5 2. c4 c6 3. Nf3 Nf6 4. e3 a6 5. b3 Bg4 6. Be2 {[%emt 0:02:43] D11: Slav Defence: 3 Nf3 sidelines and 3...Nf6 4 e3 Bg4.} e6 7. O-O Nbd7 8. Bb2 Bd6 9. Nbd2 Qb8 10. h3 Bh5 11. Nh4 Bxe2 12. Qxe2 O-O {[%emt 0:00:37] [#]} 13. c5 $146 (13. e4 $14 Nxe4 14. Nxe4 dxe4 15. Qxe4) ({Predecessor:} 13. Nhf3 Re8 14. Rad1 e5 15. dxe5 Nxe5 16. cxd5 cxd5 17. Nd4 Qc8 18. N2f3 Ng6 19. Qc2 {1-0 (47) Solomon,K (2337)-Olsen,H (2376) Dresden 2008}) 13... Be7 14. Nhf3 b6 15. cxb6 Qxb6 16. e4 dxe4 17. Nxe4 Nxe4 18. Qxe4 Nf6 19. Qc2 Rac8 20. Rac1 Rfd8 21. Qe2 Qb5 22. Rc4 Nd5 23. Qe4 Nb6 24. Rc2 Qd5 25. Qg4 Nd7 {[%emt 0:00:29] Inhibits Rc5.} (25... h5 $5 26. Qf4 Bd6 $11) 26. Rfc1 Bd6 27. h4 h6 28. Nd2 a5 (28... Nf6 $5 29. Qf3 Qb5 $11) 29. g3 Be7 30. Qf3 Nb8 (30... Rb8 $11) 31. Rc4 (31. Kg2 $5) 31... Bb4 32. Bc3 Qxf3 33. Nxf3 Bxc3 34. R1xc3 Rd5 35. Kf1 Rcd8 36. Ke2 f6 37. Rc5 Kf7 38. Rxd5 Rxd5 $14 {[%emt 0:00:29][%mdl 4096] Endgame KRN-KRN} 39. Ke3 Ke7 40. Rc4 Kd7 41. Ne1 Na6 42. Nd3 g5 {[%emt 0:00:51] Prevents Nf4.} 43. hxg5 hxg5 44. Rc1 Kd6 45. Nb2 Rb5 46. Rh1 c5 47. Nc4+ Kc6 48. dxc5 Kxc5 49. Rh7 a4 50. bxa4 Rb4 51. Nd2 f5 {[%emt 0:01:42] Inhibits Ne4+.} 52. a5 Ra4 53. Re7 Kd6 54. Rb7 Nc5 55. Rb2 Kd5 56. Rc2 Ra3+ 57. Ke2 $1 Ra4 {[%emt 0:00:21] Prevents Nc4.} 58. Nf3 Ne4 59. Kf1 Rxa5 60. Ne1 g4 61. Nd3 Kd4 62. Nc1 Ra6 63. Ke2 Nc3+ 64. Kd2 {[%emt 0:00:01] [#] And now Nb3+ would win.} Ne4+ 65. Ke1 Ra8 66. Rc7 Rh8 67. Rd7+ Kc3 {[%emt 0:00:33] [#] White must now prevent ...Rh1+.} (67... Kc4 $5 68. Nd3 Ra8 69. Nb2+ Kc3 70. Nd1+ Kb4 71. Rb7+ Kc5 $17) 68. Rc7+ Kb2 {[%emt 0:01:12] aiming for ...Rh1+.} 69. Ke2 Rh2 70. Nd3+ Kxa2 71. Ke3 Rg2 72. Rc6 Nxg3 73. fxg3 Rxg3+ $11 {[%emt 0:00:15] KRN-KR} 74. Ke2 Rg2+ 75. Kf1 Rd2 76. Ne5 g3 77. Rxe6 Rf2+ 78. Kg1 f4 79. Rf6 Kb3 80. Nd3 Rd2 81. Nxf4 Kc4 82. Rg6 (82. Ra6 {keeps more tension.} g2 83. Ra8 Kb3 84. Re8) 82... g2 83. Nxg2 (83. Rc6+ {seems wilder.} Kd4 84. Re6 Rd1+ 85. Kxg2 Ra1 86. Re8) 83... Kc5 84. Kh2 Kb5 85. Kg3 Kb4 86. Kf3 Kb5 87. Ke3 Rd1 88. Nf4 Kc4 89. Rc6+ Kb5 90. Rc8 Re1+ 91. Kd4 Rd1+ 92. Nd3 Kb6 93. Rc3 Rh1 94. Kd5 Rd1 95. Kd4 ({White should play} 95. Rb3+ $14 Kc7 96. Ke4) 95... Rd2 ({Black should try} 95... Rh1 $1 $11) 96. Kd5 Rd1 $1 97. Kd6 {[%emt 0:00:00] White threatens Rb3+ and mate.} Kb5 98. Ke5 Rh1 99. Nf4 Kb4 100. Rc7 Re1+ 101. Kd6 {[%emt 0:00:00] White wants to mate with Nd3+.} Rd1+ 102. Nd5+ Kb3 103. Rc3+ Kb2 104. Rg3 Rd2 105. Kc5 Rh2 106. Nb6 Kc2 107. Nc4 Rh8 108. Nd6 Rh1 109. Ne4 Rh2 110. Kc4 Rh4 111. Rg2+ Kc1 112. Kd4 (112. Kc3 $5 Rh3+ 113. Ng3 $14) 112... Rh8 {[%emt 0:00:27] The position is equal.} 113. Nc5 Kd1 114. Ra2 Ke1 115. Ne4 Kf1 116. Ke3 Re8 117. Rh2 Kg1 118. Rh4 Kg2 119. Rg4+ Kf1 120. Rg7 Re6 121. Kf3 Re8 122. Rg6 {[%emt 0:00:47] Weighted Error Value: White=0.10 (very precise) /Black=0.08 (flawless)} 1/2-1/2

[Event "1st Henriquez Urena Memorial 2022"]
[Site "Santo Domingo"]
[Date "2022.09.21"]
[Round "7.5"]
[White "Guzman, Christopher"]
[Black "Crispin Ferreras, Darvi Abraham"]
[Result "1/2-1/2"]
[ECO "E15"]
[WhiteElo "2252"]
[BlackElo "2160"]
[Annotator "TA"]
[PlyCount "40"]
[EventDate "2022.09.16"]
[EventType "swiss"]
[EventCountry "DOM"]
[SourceTitle "playchess.com"]
[Source "ChessBase"]
[SourceQuality "1"]
[TimeControl "5400+30"]

1. d4 Nf6 2. c4 e6 3. Nf3 b6 4. g3 Ba6 5. Qa4 Bb7 6. Bg2 Be7 7. Nc3 O-O 8. O-O c5 {[%emt 0:03:09] is the legacy move (8...Ne4). E15: Queen's Indian: 4 g3 sidelines, 4 g3 Ba6 and 4 g3 Bb7 early deviations.} 9. d5 (9. Bf4 $11) 9... exd5 $15 10. Nh4 Bc6 11. Qc2 dxc4 {[%emt 0:09:33] [#] Hoping for ...d5.} 12. e4 Na6 {[%emt 0:00:38] [#]} (12... g6 $17) 13. a3 $146 ({Predecessor:} 13. Nf5 Ne8 14. Nd5 Bxd5 15. exd5 Nd6 16. Nxd6 Bxd6 17. Qxc4 Nc7 18. Bd2 Qf6 19. Bc3 Qg6 20. Rae1 Rae8 21. Rxe8 Rxe8 22. Qa4 {½-½ (22) Colls Gelaberto,E (2126)-Saez Coma,A (1973) Barcelona 2015}) 13... Nc7 14. Nf5 Ne6 ({Better is} 14... g6 $15 15. Nh6+ Kh8) 15. Rd1 (15. Nd5 $142 Bxd5 16. exd5) 15... Nd4 $1 $11 16. Nxd4 cxd4 17. Rxd4 Bc5 18. Rxc4 {[%emt 0:01:42] [#] e5 is the strong threat.} Ng4 {[%emt 0:00:39] Black is slightly better.} 19. Nd1 Ne5 20. Rxc5 bxc5 {[%emt 1:04:21] Weighted Error Value: White=0.18 (very precise) /Black=0.20 (precise)} 1/2-1/2

[Event "1st Henriquez Urena Memorial 2022"]
[Site "Santo Domingo"]
[Date "2022.09.21"]
[Round "7.6"]
[White "Ferreira Fernandez, Sergio"]
[Black "Polanco Nunez, Yoel Starling"]
[Result "1-0"]
[ECO "E11"]
[WhiteElo "2119"]
[BlackElo "2199"]
[Annotator "TA"]
[PlyCount "93"]
[EventDate "2022.09.16"]
[EventType "swiss"]
[EventCountry "DOM"]
[SourceTitle "playchess.com"]
[Source "ChessBase"]
[SourceQuality "1"]
[TimeControl "5400+30"]

1. d4 Nf6 2. c4 e6 3. Nf3 d5 4. g3 Bb4+ 5. Bd2 Be7 6. Bg2 O-O 7. O-O c6 8. Qc2 Nbd7 9. Bf4 b6 {[%emt 0:00:00] E11: Bogo-Indian.} 10. Nbd2 Nh5 11. cxd5 {[%emt 0:00:00] 11.e3 is becoming the main line.} Nxf4 {[%emt 0:00:00] The position is equal.} 12. gxf4 cxd5 13. Rfc1 Ba6 14. e3 {[%emt 0:00:00] [#]} g6 $146 ({Predecessor:} 14... Bd6 15. Ne5 Rc8 16. Qa4 Nb8 17. Bf1 Bxf1 18. Kxf1 Qe7 19. Ndf3 h6 20. Rc2 Qb7 {1-0 (40) Aronian,L (2783)-Pelletier,Y (2589) Mainz 2010}) 15. Qa4 Bb7 16. Rc3 a6 17. Rac1 b5 18. Qc2 Bd6 19. Ne5 (19. Qd1 $11) 19... b4 $17 20. Rd3 Bxe5 (20... Rc8 $15 21. Qb1 Nb6) 21. fxe5 $11 Rc8 22. Qb1 Rxc1+ 23. Qxc1 Qb6 24. Nb3 Rc8 25. Qb1 a5 26. Rd2 a4 27. Na1 f6 28. exf6 Nxf6 29. Rc2 Rxc2 30. Qxc2 Bc6 31. b3 Ne4 (31... Qa6 $11) 32. Bxe4 $16 (32. bxa4 Nc3 $15) 32... dxe4 {[%emt 0:00:00][%mdl 4096] Endgame KQB-KQN} 33. Qc5 (33. bxa4 $16 {Nb3 is the strong threat.} Kf7 34. h3 (34. Nb3 Bxa4 35. Qxe4 Bxb3 $16)) 33... Qa6 (33... Qxc5 $11 34. dxc5 axb3 35. axb3 Kf7) 34. Nc2 $14 (34. Qxb4 Qe2 $11) 34... axb3 35. axb3 Bb5 (35... Bb7 $11 {remains equal.}) 36. Qxb4 Bd3 37. Qb8+ Kf7 {[%emt 0:00:00] [#]} (37... Kg7 $142) 38. Qc7+ (38. h4 $142 $1) 38... Ke8 $16 39. Kg2 (39. d5 $16 {White wants to mate with d6.} exd5 40. Qe5+ (40. Qxh7 Bxc2 41. Qg8+ Ke7 $15) 40... Kf7 41. Qxd5+ Ke7 42. Qc5+ Kd7 43. Qd4+ Qd6 44. Qa7+ Qc7 45. Qxc7+ Kxc7 46. Nd4) 39... g5 $2 {[%mdl 8192] [#]} (39... Qa2 $11) 40. Nb4 $2 (40. d5 $1 $18 {[%cal Rd5d6] Hoping for d6.} exd5 41. Qe5+ (41. Qxh7 Bxc2 42. Qg8+ Kd7 $11) 41... Kf7 42. Nd4 (42. Qxd5+ Qe6 $18)) 40... Bf1+ $2 {[%emt 0:00:00][%mdl 8192] [#]} (40... Qa1 $11 {and Black is okay.} 41. Nxd3 (41. Qxh7 $2 Qf1+ 42. Kg3 Qg1+ 43. Kh3 Bf1#) 41... exd3) 41. Kg3 $1 $18 {[%emt 0:00:30] The board is on fire.} Qe2 42. Qc6+ Kf8 43. Qxe4 ({Inferior is} 43. Qd6+ Kf7 44. Qd7+ Kf6 45. Qd8+ Kf7 46. Qd7+ Kf6 47. Qd8+ Kf7 48. Qd7+ $11) 43... Qb5 (43... h5 {keeps fighting.} 44. h4 Qe1 45. Qf3+ (45. hxg5 Qxb4 46. Qxe6 Qb7 $18) (45. Qxe6 gxh4+ 46. Kxh4 Qxb4 $16) 45... Kg8) 44. Nc6 Bd3 45. Qxe6 {[%emt 0:00:30] Qf6+ would kill now.} h5 46. Qf6+ Kg8 47. Ne7+ {[%emt 0:02:52] Weighted Error Value: White=0.24 (precise) /Black=0.71} 1-0

[Event "1st Henriquez Urena Memorial 2022"]
[Site "Santo Domingo"]
[Date "2022.09.21"]
[Round "7.7"]
[White "Orizondo, Hugo"]
[Black "Mesa Cruz, Juan Carlos"]
[Result "1/2-1/2"]
[ECO "E10"]
[WhiteElo "2034"]
[BlackElo "2119"]
[Annotator "TA"]
[PlyCount "118"]
[EventDate "2022.09.16"]
[EventType "swiss"]
[EventCountry "DOM"]
[SourceTitle "playchess.com"]
[Source "ChessBase"]
[SourceQuality "1"]
[TimeControl "5400+30"]

1. d4 Nf6 2. c4 e6 3. Nf3 Be7 4. Nc3 c5 5. d5 d6 6. e4 {[%emt 0:00:51] E10: Blumenfeld Gambit.} O-O 7. Be2 e5 8. h3 {[%emt 0:07:52] White is better.} Ne8 9. g4 Na6 10. Be3 Bd7 11. Qd2 {[%emt 0:07:58] [#]} Nec7 $146 ({Predecessor:} 11... Nac7 12. Bd3 Rb8 13. a4 a6 14. Qe2 g6 15. Bh6 Ng7 16. Rg1 Kh8 17. Rb1 Qe8 {1-0 (37) Meszaros,B (2203)-Pacal,M (2117) Subotica 2017}) 12. O-O Qe8 13. a4 Kh8 ({Black should try} 13... Nb4 $14) 14. Rfd1 Rd8 15. Nb5 g6 16. Bd3 {[%emt 0:09:38] White has more active pieces.} (16. Qc3 $16) 16... f5 $1 $11 17. Bh6 (17. exf5 $11 {remains equal.} gxf5 18. Bh6 (18. Nxa7 $2 fxg4 19. Nh2 gxh3 $19) 18... fxg4 19. Bxf8 Qxf8 20. Nh2 gxh3 21. Kh1) 17... Rg8 $2 (17... fxg4 $17 18. Bxf8 Qxf8) 18. Ng5 $16 {[%emt 0:01:04] And now f4 would win.} (18. gxf5 $2 gxf5+ 19. Kh2 f4 20. Nxd6 Bxd6 $19) (18. Nxa7 fxg4 19. Ng5 Bf8 $17) (18. exf5 gxf5 19. Qe3 (19. Nxa7 $2 Qh5 $19) 19... Rg6 $15) 18... fxg4 (18... f4 $14) 19. hxg4 $2 ({Only move:} 19. f4 $1 $18) 19... Bxg4 $14 20. f3 Bh5 21. Bf1 (21. Rf1 $1 $11 Bf8 22. Bxf8 Rxf8 23. f4) 21... Bf8 $17 22. Bxf8 Rxf8 23. Bg2 Qe7 24. Ra3 Rf6 25. Rb3 Nxb5 26. axb5 Nb4 (26... Nc7 $17) 27. Ra1 (27. Ne6 Rg8 $15) 27... b6 ({Better is} 27... a6 $15) 28. Rba3 $11 Rd7 {[%emt 0:00:19] [#]} (28... Ra8 $11) 29. Bh3 $1 $16 Rc7 ({Black should play} 29... Rb7) 30. Ne6 $36 {[%emt 0:01:17][%mdl 2048] White is on the roll.} Rb7 {[%emt 0:00:42] [#]} (30... a5 $16) 31. Bg4 $2 (31. f4 $1 $18 {[%cal Rf4e5] Threatens to win with fxe5.} Rf7 32. fxe5 dxe5 33. Qg5 Qxg5+ 34. Nxg5) 31... Bxg4 (31... Rf7 $1 $14 {might be stronger.}) 32. fxg4 g5 $2 (32... Kg8 $14) 33. Rh3 ({And not} 33. Nxg5 Rg6 34. Nh3 Qh4 $17) 33... Rf4 34. Nxf4 gxf4 (34... exf4 35. Qc3+ Kg8) 35. Kg2 Qg5 {[%emt 0:00:22] Hoping for ...f3+.} 36. Kf3 Rg7 37. Rg1 Qg6 38. Rh4 Qf6 39. Rgh1 Qf7 40. Rh6 Qd7 41. R1h4 (41. Rg1 $142) 41... a6 $2 (41... Kg8 42. Qd1 Qe7) 42. bxa6 (42. Qh2 $142) 42... Qa4 43. Rxd6 $2 (43. Rh1 $18) 43... Qb3+ $11 44. Qc3 Qd1+ 45. Kg2 {[%emt 0:01:02] Threatening mate with Rd8+.} Qe2+ (45... Nd3 $5 46. Rd8+ $8 (46. Rxb6 $2 f3+ 47. Kh3 Qh1+ 48. Kg3 Qg2#) 46... Rg8 47. Rxg8+ Kxg8 $11) 46. Kg1 {[%emt 0:00:26] Rd8+ would kill now.} Qd1+ (46... Nd3 $5 47. Rd8+ $8 Rg8 48. Rxg8+ Kxg8 $11) 47. Kg2 $1 Qe2+ (47... Nd3 $5 48. Rd8+ $8 (48. Rxb6 $2 {leads to mate.} f3+ 49. Kh3 Qh1+ 50. Kg3 Qg2#) 48... Rg8 49. Rxg8+ Kxg8 $11) 48. Kg1 {[%emt 0:00:30] Intending Rd8+ and mate.} Nd3 {[%emt 0:02:18] ( -> ...Qf2+)} 49. Rd8+ Rg8 50. Rxg8+ Kxg8 {[%emt 0:00:01][%mdl 4096] Endgame KQR-KQN} 51. Rh2 {[%emt 0:01:08] The position is equal.} Qd1+ 52. Kg2 Qxg4+ 53. Kf1 Qd1+ 54. Kg2 Ne1+ 55. Kf2 Nd3+ 56. Kg2 Qe2+ 57. Kg1 Qd1+ 58. Kg2 Ne1+ 59. Kf2 Nd3+ {[%emt 0:00:08] Quite a comeback for White.  Weighted Error Value: White=0.64/Black=0.42} 1/2-1/2

[Event "1st Henriquez Urena Memorial 2022"]
[Site "Santo Domingo"]
[Date "2022.09.21"]
[Round "7.8"]
[White "Camacho Campusano, David Daniel"]
[Black "Dominguez, Jose Manuel"]
[Result "1/2-1/2"]
[ECO "B07"]
[WhiteElo "2230"]
[BlackElo "2180"]
[Annotator "TA"]
[PlyCount "39"]
[EventDate "2022.09.16"]
[EventType "swiss"]
[EventCountry "DOM"]
[SourceTitle "playchess.com"]
[Source "ChessBase"]
[SourceQuality "1"]
[TimeControl "5400+30"]

1. e4 d6 2. d4 Nf6 3. Nc3 c6 4. Bg5 Qa5 5. Qd2 Nbd7 6. f4 e5 7. Nf3 {[%emt 0:01:15] B07: Pirc Defence: Miscellaneous Systems.} Be7 8. Be2 h6 9. Bxf6 {[%emt 0:03:23] White has an edge.} Bxf6 10. fxe5 dxe5 11. d5 Nb6 {[%emt 0:31:01] [#]} 12. a3 $146 {[%emt 0:05:39] And now b4 would win.} ({Predecessor:} 12. O-O Bg4 13. Kh1 Rd8 14. Rad1 Bxf3 15. Rxf3 Na4 16. Nxa4 Qxa4 17. c4 Be7 18. b3 {½-½ (41) Nystrom,L-Elomaa,A Helsinki 2010}) 12... Qc5 13. b4 Qe7 14. d6 (14. O-O $11 {keeps the balance.}) 14... Qe6 $17 15. Rd1 {[%emt 0:00:49] [#]} O-O $1 16. Qe3 Rd8 17. Qc5 {[%emt 0:01:11] [#]} Nd7 $1 18. Qc4 Nb6 (18... Qxc4 $17 19. Bxc4 Nb6) 19. Qc5 $11 Nd7 ({Black should try} 19... Kh7 $11) 20. Qc4 $1 {[%emt 0:08:42] Weighted Error Value: White=0.13 (very precise) /Black=0.13 (very precise)} 1/2-1/2

[Event "1st Henriquez Urena Memorial 2022"]
[Site "Santo Domingo"]
[Date "2022.09.21"]
[Round "7.9"]
[White "Arvelo Leo, Gian Carlo"]
[Black "Subervi, Jonathan Sigfredo"]
[Result "0-1"]
[ECO "D00"]
[WhiteElo "2174"]
[BlackElo "2124"]
[Annotator "TA"]
[PlyCount "136"]
[EventDate "2022.09.16"]
[EventType "swiss"]
[EventCountry "DOM"]
[SourceTitle "playchess.com"]
[Source "ChessBase"]
[SourceQuality "1"]
[TimeControl "5400+30"]

1. d4 Nf6 2. Bg5 d5 3. Nd2 c5 4. dxc5 e6 5. e4 Bxc5 6. Qe2 {[%emt 0:11:53] D00: 1 d4 d5: Unusual lines.} Be7 7. O-O-O O-O 8. f4 {[%emt 0:03:45] The position is equal.} Nc6 9. Ngf3 a5 {[%emt 0:14:50][%cal Ba7a5,Ba5a4,Ba4a3][%mdl 32] [#]} 10. Qe1 $146 ({Predecessor:} 10. e5 Nd7 11. h4 a4 12. a3 b5 13. Qxb5 Qc7 14. Bxe7 Nxe7 15. Qb4 Nf5 16. Bd3 {½-½ (65) Andreikin,D (2726)-Najer,E (2648) Chess.com INT 2020}) 10... a4 {[%emt 0:04:05] White must now prevent ...a3.} (10... h6 $5 11. Bh4 Qb6 $11) 11. c3 (11. a3 $1 $15) 11... a3 $17 {[%emt 0:06:45] Threatens to win with ...axb2+.} 12. b3 {[%emt 0:00:16] [#]} Qa5 $1 13. b4 Qc7 {[%emt 0:12:50] aiming for ...Nxb4.} 14. Kb1 d4 15. Nxd4 Nxd4 $40 {[%emt 0:00:11][%mdl 128] Black attacks with force.} 16. cxd4 Bxb4 {[%emt 0:00:41][%cal Be7b4,Bb4c3,Bc3b2][%mdl 32] Black is more active.} ({Not} 16... Qc3 17. Nc4 Qxe1 18. Rxe1 $15) 17. Qe3 {[%emt 0:01:30] This costs White the game.} (17. Bxf6 $17 {was necessary.} Qc3 18. Nc4 Qxe1 19. Rxe1 Bxe1 20. Be7) 17... Ng4 18. Qg3 (18. Qe2 f6 19. Rc1) 18... Qc3 $2 19. Qxc3 Bxc3 20. Nb3 (20. Be7 $17 Nf2 21. Bxf8) 20... Nf2 $19 21. Bb5 Nxh1 22. Rxh1 f6 23. Bh4 Bb2 24. Be1 b6 25. Bb4 Rf7 26. Rd1 Bb7 27. Bd3 Rd8 28. d5 exd5 29. Bc4 Rfd7 30. Bb5 Rc7 31. e5 fxe5 32. fxe5 Bxe5 33. Bxa3 Bxh2 34. Nd4 Rf7 35. Bd3 Ra8 36. Bb2 Ba6 37. Bf5 Bc8 38. Bc2 g6 39. Nf3 Bf4 40. Bb3 Bf5+ 41. Ka1 Be4 ({Avoid the trap} 41... Be6 $2 42. Re1 Bg4 43. Bxd5 Bxf3 44. gxf3 $19) 42. Re1 Rd8 43. Nd4 Bg3 44. Rc1 Be5 45. Re1 Bg7 46. Ne6 Bxb2+ 47. Kxb2 Re8 48. Ng5 Rf2+ 49. Ka1 Kg7 50. Bxd5 Bxd5 {[%emt 0:00:11][%cal Re8e1] [#]} 51. Rxe8 Rxa2+ {[%emt 0:00:22][%mdl 4096] Endgame KRB-KRN} 52. Kb1 Rxg2 53. Re5 Kf6 {[%emt 0:02:44] Black mates.} 54. Rxd5 Rxg5 {[%emt 0:00:00] KR-KR} 55. Rd6+ Kf5 56. Rxb6 h5 57. Kc2 Rg2+ 58. Kd1 h4 59. Ke1 g5 60. Kf1 h3 61. Rb5+ Kg4 62. Rb4+ Kh5 63. Rb8 Kh4 64. Rh8+ Kg3 65. Rb8 Rf2+ 66. Ke1 h2 67. Rh8 Rg2 68. Rh3+ Kxh3 {[%emt 0:00:13] Weighted Error Value: White=0.42/Black=0.28 (precise)} 0-1

[Event "1st Henriquez Urena Memorial 2022"]
[Site "Santo Domingo"]
[Date "2022.09.21"]
[Round "8.1"]
[White "Cuenca Jimenez, Jose Fernando"]
[Black "Quezada Perez, Yasser"]
[Result "0-1"]
[ECO "E11"]
[WhiteElo "2553"]
[BlackElo "2580"]
[Annotator "TA"]
[PlyCount "80"]
[EventDate "2022.09.16"]
[EventType "swiss"]
[EventCountry "DOM"]
[SourceTitle "playchess.com"]
[Source "ChessBase"]
[SourceQuality "1"]
[TimeControl "5400+30"]

1. d4 Nf6 2. c4 e6 3. Nf3 Bb4+ 4. Bd2 c5 5. Bxb4 cxb4 6. a3 bxa3 7. Rxa3 {[%emt 0:00:06] 7.Nxa3 is vanishing.} b6 {[%emt 0:01:39] E11: Bogo-Indian.} 8. Nc3 Bb7 {[%emt 0:03:23] [#] Against e4} 9. d5 $146 ({Predecessor:} 9. e3 O-O 10. Be2 a5 11. O-O Na6 12. Qb3 d6 13. Raa1 Rc8 14. Rfc1 Re8 15. Nd2 {1-0 (34) Lashkin,J (2386)-Kosakowski,J (2442) Chess.com INT 2022}) 9... exd5 {[%emt 0:05:24] The position is equal.} 10. cxd5 O-O $1 11. e3 a6 12. Ra4 d6 13. Be2 Nbd7 14. Rd4 Re8 15. O-O b5 16. Nd2 Qb6 17. Qa1 Re5 18. Bf3 Rc8 19. Rd1 Re7 20. Nb3 Ne5 21. Be2 Nc4 (21... Ree8 $14) 22. Bxc4 $16 bxc4 23. Nd2 Rec7 24. Qa2 Qb4 25. Qa3 Qb6 26. Nce4 {[%emt 0:04:10] Pair of Knights!} Ne8 27. Qc3 Qb5 28. Ra1 f5 29. Ra5 Qd7 30. Ng5 {[%emt 0:00:26] White has more active pieces.} ({White should play} 30. Ng3 $1 $16) 30... Rc5 $1 $14 31. e4 $2 {[%emt 0:04:34][%mdl 8192] [#]} ({But not} 31. Nxc4 Rxa5 32. Qxa5 Qb5 33. Qxb5 axb5 $15) (31. Rxc4 $14 Rxa5 32. Qxa5) 31... Rxa5 $2 (31... Qd8 $1 $19 32. Rxc5 dxc5 33. Rxc4 Qxg5) 32. Qxa5 $11 Nf6 {[%emt 0:00:00] [#]} (32... Rc5 $11 33. Qc3 fxe4) 33. Nxc4 $2 ({White has to play} 33. f3 $1 $16) 33... fxe4 34. Qd2 $2 (34. Qe1 $11 Re8 35. Nxe4) 34... Qa4 $19 35. Ne3 Qa1+ 36. Nd1 Rc1 {[%emt 0:00:00] Threatens to win with ...a5.} 37. h3 $2 (37. h4 {was called for.}) 37... h6 38. Kh2 (38. Nxe4 $142 Nxe4 39. Qe2) 38... hxg5 {[%emt 0:00:00] Black is clearly winning.} 39. g4 e3 40. fxe3 Qb1 {[%emt 0:00:00] Weighted Error Value: White=0.75/Black=0.43} 0-1

[Event "1st Henriquez Urena Memorial 2022"]
[Site "Santo Domingo"]
[Date "2022.09.22"]
[Round "8.2"]
[White "Peralta, Fernando"]
[Black "Guzman, Christopher"]
[Result "1-0"]
[ECO "D27"]
[WhiteElo "2600"]
[BlackElo "2252"]
[Annotator "TA"]
[PlyCount "59"]
[EventDate "2022.09.16"]
[EventType "swiss"]
[EventCountry "DOM"]
[SourceTitle "playchess.com"]
[Source "ChessBase"]
[SourceQuality "1"]
[TimeControl "5400+30"]

1. d4 d5 2. c4 dxc4 3. Nf3 Nf6 4. e3 e6 5. Bxc4 a6 6. O-O c5 7. a4 Nc6 8. Qe2 cxd4 9. Rd1 Be7 10. exd4 O-O 11. Nc3 Nb4 12. Ne5 Nbd5 13. Rd3 Bd7 {[%emt 0:17:03] D27: Queen's Gambit Accepted: Classical main line: 7 e4!? and 7 a4.} 14. Rg3 {[%emt 0:01:27] White is more active.} Nxc3 (14... Kh8 $16 {was worth a try.}) 15. bxc3 $18 {[%emt 0:00:41] [#]} Ne8 $146 (15... Qc7 {is a better defense.} 16. Bh6 g6 17. Bxf8 Bxf8) ({Predecessor:} 15... Kh8 16. Bd3 Be8 17. Rh3 g6 18. Rb1 Rc8 19. Bh6 Rxc3 20. Rxb7 Nd5 21. Rf3 Bg5 22. Bxf8 {1-0 (48) Surya,W (2234)-Lioe,D (2418) Tagaytay City 2011}) 16. Rh3 Nf6 {[%emt 0:09:04] Against Qh5} (16... Rc8 17. Bd3 f5) 17. Bd3 {[%emt 0:04:24][%cal Od3h7] [#] Hoping for Bxh7+!} g6 (17... Bc6 $142 18. Bxh7+ Nxh7) 18. Bh6 $2 (18. Qe3) 18... Re8 (18... Bc6 $142 19. Nxc6 bxc6 20. Bxa6 c5 21. dxc5 Bxc5 22. Bxf8 Qxf8) 19. Qf3 {[%emt 0:00:16] Black must now prevent Bg5.} Bc6 20. Qf4 {[%emt 0:02:16] Strongly threatening Bg5.} ({Resist} 20. Nxc6 bxc6 21. Bg5 (21. Qxc6 Rc8 $14) 21... Nd5 22. Rxh7 Bf6 23. Bxf6 Qxf6 $14) 20... Rc8 $2 (20... Rf8 21. Bxf8 Qxf8) 21. Bg5 {[%emt 0:03:05] White is clearly winning.} Rc7 22. Nxf7 Kxf7 (22... e5 $142 23. Nxe5 Rf8) 23. Rxh7+ Kg8 {[%emt 0:00:06] [#]} 24. Bxf6 Bxf6 25. Qxc7 Qxc7 26. Rxc7 Bd8 27. Rc8 Kf7 28. f3 g5 29. Be4 Bd7 30. Rb8 {[%emt 0:01:28] White took control after the opening.  Weighted Error Value: White=0.40/Black=0.96} 1-0